 Dungeon Crawl Stone Soup version 0.21.1-1-g345015f (webtiles) character file.

1770 yang the Chopper (level 8, 43/61 HPs)
             Began as a Demonspawn Gladiator on June 10, 2018.
             Starved to death
             ... on level 7 of the Dungeon.
             The game lasted 00:36:36 (5541 turns).

yang the Chopper (Demonspawn Gladiator)             Turns: 5541, Time: 00:36:37

Health: 43/61      AC: 11    Str: 15    XL:     8   Next: 80%
Magic:  8/8        EV: 14    Int: 10    God:
Gold:   17         SH:  2    Dex: 16    Spells: 6/7 levels left

rFire    + . .     SeeInvis .   j - +3 hand axe
rCold    + + .     Gourm    .   (no shield)
rNeg     . . .     Faith    .   k - +3 leather armour {rPois}
rPois    +         Spirit   .   f - +1 helmet
rElec    .         Reflect  +   (no cloak)
rCorr    .         Harm     .   (no gloves)
MR       .....                  c - +2 pair of boots {Fly}
Stlth    ++........             i - +2 amulet of reflection
HPRegen  0.60/turn              l - ring of protection from cold
MPRegen  0.11/turn              (no ring)

@: flying, fainting, drained
A: talons 2, cold resistance 1, demonic guardian 1, fire resistance 1,
regeneration 1
a: Stop Flying


You were on level 7 of the Dungeon.
You were fainting.

You visited 1 branch of the dungeon, and saw 7 of its levels.

You collected 423 gold pieces.
You spent 406 gold pieces at shops.

Inventory:

Hand Weapons
 j - a +3 hand axe (weapon)
 r - a +1 scythe of venom
Missiles
 d - 3 throwing nets (quivered)
Armour
 c - a +2 pair of boots of flying (worn)
 f - a +1 helmet (worn)
 k - a +3 leather armour of poison resistance (worn)
 q - a +0 scale mail of fire resistance
Jewellery
 i - a +2 amulet of reflection (around neck)
 l - a ring of protection from cold (left hand)
Wands
 h - a wand of acid (10)
Scrolls
 a - a scroll of vulnerability
 e - 2 scrolls of remove curse
 g - 2 scrolls of identify
Potions
 b - 2 potions of curing
 m - a potion of lignification
 n - 2 potions of might
 o - a potion of invisibility
 s - a potion of mutation
Books
 p - An Introduction to the Arcane Arts
   (You found it on level 6 of the Dungeon)

   Spells                             Type                      Level
   a - Magic Dart                     Conjuration                  1
   b - Corona                         Hexes                        1
   c - Summon Butterflies             Summoning                    1
   d - Summon Small Mammal            Summoning                    1
   e - Apportation                    Translocation                1


   Skills:
 + Level 4.3(3.6) Fighting
 + Level 7.6(6.9) Axes
 + Level 1.8(1.1) Throwing
 + Level 3.7(3.1) Armour
 + Level 5.1(4.4) Dodging
 + Level 2.6(1.9) Stealth
 + Level 0.9(0.3) Unarmed Combat


You had 6 spell levels left.
You knew the following spells:

 Your Spells              Type           Power        Failure   Level  Hunger
a - Summon Small Mammal   Summ           #...         43%         1    ##.....


Dungeon Overview and Level Annotations

Branches:
Dungeon (7/15)
 Temple: D:4-7

Altars:
Makhleb
Ru
Sif Muna
Uskayaw
Vehumet
Zin

Shops:
D:4 ?   D:6 *[!?}


Innate Abilities, Weirdness & Mutations

You have razor-sharp toenails.
Your flesh is cold resistant. (rC+)
A weak demonic guardian rushes to your aid.
Your flesh is heat resistant. (rF+)
Your natural rate of healing is unusually fast.


Message History

The hippogriff writhes in agony!
The hippogriff closely misses you. The hippogriff pecks you!
The hippogriff completely misses you.
You hit the hippogriff.
The hippogriff is moderately wounded.
Your shadow imp hits the hippogriff.
The hippogriff bites you. The hippogriff misses you. The hippogriff claws you.
You hit the hippogriff.
The hippogriff is heavily wounded.
Your shadow imp hits the hippogriff.
The hippogriff bites your shadow imp!
The hippogriff closely misses your shadow imp.
The hippogriff barely misses your shadow imp.
You hit the hippogriff.
The hippogriff is heavily wounded.
You hit the adder skeleton.
Your shadow imp hits the hippogriff.
The adder skeleton closely misses you.
You hit the hippogriff.
The hippogriff is almost dead.
You hit the adder skeleton.
You have starved to death.
You die...

O.###. ..... ....
...## .... ..#####
[##########Z......
........5@#.###
.........H.......
.<.#....#.#.#####
##.#..#.#.#.#
........#.# #
########..##.#.#
.......<[.##.#.#
.#####.#).##.#.#
#.........#


You could see a hippogriff, an ogre (sleeping), an adder skeleton and a friendly
shadow imp.

Vanquished Creatures
  The ghost of GreatJob the Chopper, an amateur HOFi (D:4)
  Sigmund (D:6)
  3 ogres
  A centaur (D:5)
  7 wights
  A howler monkey (D:5)
  A crimson imp (D:5)
  2 bullfrog zombies
  2 orc priests (D:5)
  Natasha (D:2)
  2 iguanas
  3 orc wizards
  3 worker ants
  A killer bee zombie (D:6)
  A hound skeleton (D:4)
  A worker ant zombie (D:5)
  3 gnolls (D:2)
  5 adders
  An ooze (D:4)
  4 worms
  3 dart slugs
  5 leopard geckos
  10 orcs
  6 giant cockroaches (D:1)
  6 goblins
  12 hobgoblins
  8 jackals
  3 quokkas
  5 bats
  7 frilled lizards
  9 kobolds
  6 rats
  2 fungi (D:4)
126 creatures vanquished.

Vanquished Creatures (collateral kills)
  A hungry ghost (D:7)
  A phantom (D:4)
  A sky beast (D:7)
  An orc priest (D:5)
  Jessica (D:3)
  Natasha (D:2)
  A leopard gecko (D:2)
  A jackal (D:2)
  A bat (D:3)
  A rat (D:3)
10 creatures vanquished.

Vanquished Creatures (others)
  A wight (D:6)
1 creature vanquished.

Grand Total: 137 creatures vanquished

Notes
Turn   | Place    | Note
-------+----------+-------------------------------------------
     0 | D:1      | yang the Demonspawn Gladiator began the quest for the Orb.
     0 | D:1      | Reached XP level 1. HP: 16/16 MP: 1/1
   124 | D:1      | Gained mutation: A weak demonic guardian rushes to your aid. [demonic ancestry]
   124 | D:1      | Reached XP level 2. HP: 11/22 MP: 2/2
   480 | D:1      | Reached skill level 3 in Axes
   627 | D:1      | Reached XP level 3. HP: 26/27 MP: 3/3
   822 | D:2      | Reached skill level 1 in Armour
   986 | D:2      | Found a hide-covered altar of Uskayaw.
  1103 | D:2      | Noticed Natasha
  1108 | D:2      | Killed Natasha
  1108 | D:2      | Gained mutation: You have sharp toenails. [demonic ancestry]
  1108 | D:2      | Reached XP level 4. HP: 30/33 MP: 4/4
  1336 | D:2      | Noticed Natasha
  1341 | D:2      | Killed Natasha
  1366 | D:2      | Found a transporter.
  1372 | D:2      | Found a transporter.
  1374 | D:2      | Found a glowing silver altar of Zin.
  1385 | D:2      | Reached skill level 4 in Axes
  1431 | D:2      | Gained mutation: Your flesh is cold resistant. (rC+) [demonic ancestry]
  1431 | D:2      | Reached XP level 5. HP: 30/39 MP: 5/5
  2150 | D:3      | Found a burning altar of Makhleb.
  2321 | D:3      | Noticed Sigmund
  2430 | D:3      | Noticed Jessica
  2440 | D:3      | Killed Jessica
  3062 | D:4      | Noticed a phantom
  3089 | D:4      | Gained mutation: You have razor-sharp toenails. [demonic ancestry]
  3089 | D:4      | Reached XP level 6. HP: 16/46 MP: 6/6
  3318 | D:4      | Reached skill level 5 in Axes
  3335 | D:4      | Noticed GreatJob's ghost (amateur HOFi)
  3348 | D:4      | Killed GreatJob's ghost
  3474 | D:4      | Reached XP level 7. HP: 48/51 MP: 7/7
  3519 | D:4      | Gained mutation: Your natural rate of healing is unusually fast. [potion of mutation]
  3519 | D:4      | Gained mutation: Your flesh is heat resistant. (rF+) [potion of mutation]
  3649 | D:4      | Found a deep blue altar of Sif Muna.
  3890 | D:4      | Found Bynum's Magic Scroll Shop.
  3914 | D:4      | Bought a scroll of vulnerability for 75 gold pieces
  4122 | D:5      | Entered Level 5 of the Dungeon
  4342 | D:5      | Reached skill level 6 in Axes
  4342 | D:5      | Reached skill level 1 in Stealth
  4415 | D:5      | Found a radiant altar of Vehumet.
  4592 | D:5      | Reached XP level 8. HP: 57/58 MP: 8/8
  4716 | D:4      | Found a sacrificial altar of Ru.
  4919 | D:6      | Found Xoluofuo's Assorted Antiques.
  4925 | D:6      | Bought a pair of runed boots for 157 gold pieces
  4925 | D:6      | Bought a lumpy inky potion for 18 gold pieces
  4925 | D:6      | Bought 2 fizzy silvery potions for 37 gold pieces
  4937 | D:6      | Found Vaffom's Distillery.
  4940 | D:6      | Identified An Introduction to the Arcane Arts
  4978 | D:6      | Killed Sigmund
  4978 | D:6      | Reached skill level 7 in Axes
  5127 | D:6      | Found Nicsarru's Magic Scroll Emporium.
  5214 | D:6      | Found Weireim's Gadget Emporium.
  5308 | D:6      | Found Qinemusa's Antique Armour Shoppe.
  5311 | D:6      | Learned a level 1 spell: Summon Small Mammal
  5320 | D:6      | Bought a runed scale mail for 119 gold pieces
  5507 | D:7      | Reached skill level 5 in Dodging
  5512 | D:7      | Paralysed by fainting for 8 turns
  5529 | D:7      | Noticed a hippogriff
  5541 | D:7      | Starved to death

Skill      XL: |  1  2  3  4  5  6  7  8 |
---------------+-------------------------+-----
Dodging        | 3 4 5 |  5.1
Axes           | 3 4 5 6 7 |  7.6
Armour         | 1 2 3 |  3.7
Fighting       | 3 4 |  4.3
Stealth        | 1 2 |  2.6
Throwing       | |  1.8
Unarmed Combat | |  0.9

Action                   |  1- 3 |  4- 6 |  7- 9 || total
-------------------------+-------+-------+-------++-------
Melee: War axe           |    89 |       |       ||    89
       Hand axe          |     4 |   135 |   208 ||   347
       Kick              |       |    40 |    47 ||    87
       Unarmed           |       |       |     7 ||     7
       Punch             |       |       |     2 ||     2
  Use: Scroll            |     3 |     2 |     7 ||    12
       Potion            |     2 |     4 |     6 ||    12
 Stab: Sleeping          |       |       |     3 ||     3
       Invisible         |       |       |     3 ||     3
  Eat: Ration            |       |     3 |     2 ||     5
Armor: Leather armour    |    55 |       |    57 ||   112
       Ring mail         |     2 |    51 |     7 ||    60
Dodge: Dodged            |   101 |    90 |   152 ||   343
Block: Other             |       |       |     9 ||     9
